 Dungeon Crawl Stone Soup version 0.19.0-2-gae57169 (webtiles) character file.

14359 Patchouli the Summoner (level 11, -23/79 HPs)
             Began as a Vampire Summoner on Nov 4, 2016.
             Was a High Priest of Sif Muna.
             Killed from afar by a guardian golem (44 damage)
             ... with an exploding inner flame
             ... summoned by the player character
             ... on level 1 of the Snake Pit.
             The game lasted 02:20:56 (14590 turns).

Patchouli the Summoner (Vampire Summoner)          Turns: 14590, Time: 02:20:57

Health: -23/79     AC: 12    Str:  7    XL:     11   Next: 87%
Magic:  6/23       EV: 16    Int: 22    God:    Sif Muna [*****.]
Gold:   3442       SH:  0    Dex: 16    Spells: 7 memorised, 4 levels left

rFire  . . .     SeeInvis +     M - +5 lightning rod (11/11)
rCold  . . .     Gourm    .     A - +0 steam dragon scales
rNeg   + . .     Faith    .     (no shield)
rPois  .         Spirit   .     s - +1 helmet {SInv}
rElec  .         Reflect  .     j - +0 cloak
rCorr  .         Harm     .     h - +0 pair of gloves
MR     ++...                    t - +2 pair of boots {Fly}
Stlth  +.........               (no amulet)
                                d - ring of wizardry
                                G - ring of wizardry

@: confused, flying, no casting
A: fangs 3, large bone plates 1, see invisible, clever 1, magic resistance 1,
unbreathing
a: Bat Form, Stop Divine Energy, Channel Magic, Forget Spell, Renounce Religion,
Stop Flying


You were on level 1 of the Snake Pit.
You worshipped Sif Muna.
Sif Muna was extremely pleased with you.
You were not thirsty.

You visited 5 branches of the dungeon, and saw 22 of its levels.
You also visited: Labyrinth.

You collected 3481 gold pieces.
You spent 39 gold pieces at shops.

Inventory:

Armour
 f - a +1 helmet
 h - a +0 pair of gloves (worn)
 j - a +0 cloak (worn)
 s - a +1 helmet of see invisible (worn)
 t - a +2 pair of boots of flying (worn)
 u - the -6 pair of boots "Qil Leam" {rF+ rC+++ Str-4 Dex+2}
   (You found it in a labyrinth)

   It affects your strength (-4).
   It affects your dexterity (+2).
   It protects you from fire.
   It renders you almost immune to cold.
 A - +0 steam dragon scales (worn)
 Q - the +9 plate armour of Theory {-Tele *Drain rElec rN+++}
   (You found it on level 6 of the Lair of Beasts)

   It insulates you from electricity.
   It renders you almost immune to negative energy.
   It prevents most forms of teleportation.
   It causes draining when unequipped.
Magical Staves
 P - an uncursed staff of power
Rods
 M - a +5 lightning rod (11/11) (in hand)
   (You found it on level 6 of the Lair of Beasts)
Jewellery
 d - a ring of wizardry (right hand)
 n - a +2 ring of protection
 G - a ring of wizardry (left hand)
 H - a +6 ring of strength
 L - an uncursed ring of positive energy
 O - an uncursed ring of fire
Wands
 b - a wand of flame (13/48)
 o - a wand of enslavement (2/24)
 w - a wand of polymorph (7/24)
 y - a wand of paralysis (8/24)
 D - a wand of iceblast (5/15)
 S - a wand of slowing (37/48)
Scrolls
 e - 8 scrolls of remove curse
 g - 4 scrolls of recharging {unknown}
 i - 3 scrolls of amnesia
 l - 16 scrolls of identify
 p - a scroll of teleportation
 q - 7 scrolls of enchant armour
 E - 3 scrolls of magic mapping
 F - a scroll of brand weapon
 K - 3 scrolls of noise
Potions
 a - a potion of resistance
 c - 27 potions of blood
 r - 2 potions of curing
 x - a potion of cancellation {unknown}
 z - a potion of ambrosia
 C - a potion of flight
 R - a potion of invisibility {unknown}
Books
 k - Mibros's Handbook of Ensnaring Ice
   (You found it in a labyrinth)

   Spells                             Type                      Level
   a - Slow                           Hexes                        2
   b - Summon Guardian Golem          Hexes/Summoning              3
   c - Cause Fear                     Hexes                        4
   d - Yara's Violent Unravelling     Hexes/Transmutation          5
   e - Ozocubu's Refrigeration        Ice                          6
 B - a book of the Warp

   Spells                             Type                      Level
   a - Gell's Gravitas                Hexes/Translocation          3
   b - Portal Projectile              Translocation                3
   c - Force Lance                    Conjuration/Translocation    4
   d - Dispersal                      Translocation                6
   e - Controlled Blink               Translocation                8
   f - Disjunction                    Translocation                8
 J - Sif Muna's Reference Book on the Birds and Arcane Weapons
   (Sif Muna gifted it to you on level 6 of the Lair of Beasts)

   Spells                             Type                      Level
   a - Magic Dart                     Conjuration                  1
   b - Force Lance                    Conjuration/Translocation    4
   c - Deflect Missiles               Charms/Air                   6
   d - Delayed Fireball               Conjuration/Fire             7
   e - Glaciate                       Conjuration/Ice              9
Miscellaneous
 v - a disc of storms
 N - a lamp of fire (inert)


   Skills:
 - Level 5.0 Fighting
 - Level 1.0 Armour
 - Level 6.1 Dodging
 - Level 3.0 Stealth
 * Level 8.5 Spellcasting
 * Level 2.1 Conjurations
 - Level 7.1 Hexes
 * Level 9.7 Summonings
 * Level 3.1 Translocations
 - Level 6.2 Ice Magic
 - Level 6.2 Air Magic
 + Level 4.2 Invocations
 * Level 1.0 Evocations


You had 4 spell levels left.
You knew the following spells:

 Your Spells              Type           Power        Failure   Level  Hunger
a - Gell's Gravitas       Hex/Tloc       ####......   1%          3    None
b - Call Imp              Summ           ######..     1%          2    None
c - Call Canine Familiar  Summ           ######..     1%          3    None
d - Force Lance           Conj/Tloc      ###.....     8%          4    ###....
g - Summon Guardian Gole  Hex/Summ       #####...     1%          3    None
i - Summon Ice Beast      Ice/Summ       #####...     1%          4    ###....
s - Summon Lightning Spi  Summ/Air       #####...     1%          4    ###....


Dungeon Overview and Level Annotations

Branches:
Dungeon (12/15)            Temple (1/1) D:5            Lair (6/6) D:11
 Shoals (0/4) Lair:3        Snake (1/4) Lair:3        Slime (0/5) Lair:5
    Orc (2/2) D:10
    Elf: Orc:2

Altars:
Ashenzari
Cheibriados
Dithmenos
Elyvilon
Fedhas
Gozag
Hepliaklqana
Makhleb
Nemelex Xobeh
Okawaru
Qazlal
Ru
Sif Muna
Trog
Uskayaw
Vehumet
Yredelemnul
Zin
The Shining One
Jiyva

Shops:
D:7 (   D:9 [   D:11 !

Annotations:
D:3 ErikD's ghost, amateur HuBe
D:11 Harold


Innate Abilities, Weirdness & Mutations

You have razor-sharp teeth.
You have supernaturally acute eyesight. (SInv)
You can survive without breathing.
You are partially covered in large bone plates. (SH +4)
Your mind is acute. (Int +2)
You are resistant to hostile enchantments. (MR+)


Message History

t - Shout!
Orders for allies: a - Attack new target. r - Retreat! s - Stop attacking. g - Guard the area. f - Follow me.
Anything else - Cancel.
Gang up on whom?
Press: ? - help, Dir - move target cursor, f - naga sharpshooter
Aim: a naga sharpshooter, wielding an arbalest and wearing an embroidered robe Attack!
The naga sharpshooter shoots a bolt.
The bolt hits your lightning spire!
Your guardian golem overheats!
Your lightning spire shoots out a bolt of lightning at the naga sharpshooter!
The bolt of electricity misses the naga sharpshooter.
You are confused.
You feel invigorated.
The naga sharpshooter shoots a bolt.
The bolt hits your ice beast!!
Your guardian golem explodes!
The fiery explosion engulfs you!
Ouch! That really hurt!
You die...

...# ...# ...#
...##.. ...##
....... ....###
###.......
......##
##$........
.......#
###..........
.......# ###
#.§..........
.......# ##.#
##§8YN........
.......###.##
#@§###........
.......##..#
######....S...
..........##
##....S.....
.........##
#...........
.........#
#...........
........##
...%......?...
.......##
##.............
.....###
#.............
.....#
#.............


You could see a naga sharpshooter, a friendly ice beast and a friendly lightning
spire.

Vanquished Creatures
  A centaur (D:11)
  A bullfrog (D:6)
  A howler monkey (D:7)
  An orc priest (D:7)
  2 orc wizards
  An iguana (D:7)
  An adder (D:5)
  A shadow imp (D:6)
  An ooze (D:6)
  2 adder zombies
  A leopard gecko (D:5)
  A hobgoblin (D:2)
  2 jackals (D:9)
  2 quokkas
  A ball python (D:2)
  A rat (D:2)
20 creatures vanquished.

Vanquished Creatures (collateral kills)
  3 dire elephants (Lair:6)
  Snorg (Lair:4)
  A minotaur (Lab)
  An anaconda (Lair:6)
  A fire crab (Lair:5)
  2 mana vipers (Snake:1)
  A manticore (Lair:3)
  4 elephants (Lair:6)
  6 black mambas
  2 centaur zombies
  2 naga magi (Snake:1)
  4 spiny frogs
  2 rime drakes
  4 komodo dragons
  2 hippogriffs
  12 blink frogs
  A hornet (D:12)
  A shadow (Lab)
  19 yaks
  2 steam dragons
  A basilisk (Lair:5)
  2 hungry ghosts
  7 nagas
  A warg (Orc:1)
  7 water moccasins
  A hell hound (D:11)
  5 porcupines
  A sky beast (D:10)
  4 orc warriors
  A phantom (D:11)
  5 ogres
  5 centaurs
  10 crocodiles
  14 bullfrogs
  4 scorpions
  11 killer bees
  2 howler monkeys (D:7)
  3 crimson imps
  2 quasits (D:6)
  6 orc wizards
  2 orc priests
  A centaur skeleton (Lab)
  A hound (D:5)
  2 jellies
  4 iguanas
  Ijyb (D:3)
  6 worker ants
  An ogre skeleton (Lab)
  3 hound skeletons
  A howler monkey zombie (D:10)
  3 gnolls (D:3)
  4 adders
  3 shadow imps
  An adder zombie (D:6)
  2 worms
  4 dart slugs
  4 leopard geckos
  34 orcs
  2 bats (D:2)
  5 giant cockroaches
  A goblin (D:3)
  4 hobgoblins
  5 jackals
  3 quokkas
  A frilled lizard (D:3)
  A jackal zombie (D:6)
  4 kobolds
  A leopard gecko skeleton (D:4)
  2 rats (D:3)
  A plant (Lair:6)
270 creatures vanquished.

Vanquished Creatures (others)
  2 dire elephants (Lair:6)
  A shock serpent (Snake:1)
  A black mamba (Lair:5)
  A spiny frog (Lair:6)
  An orc warrior (D:7)
  2 fungi
  5 plants (Lair:6)
13 creatures vanquished.

Grand Total: 303 creatures vanquished

Notes
Turn   | Place    | Note
-------+----------+-------------------------------------------
     0 | D:1      | Patchouli the Vampire Summoner began the quest for the Orb.
     0 | D:1      | Reached XP level 1. HP: 13/13 MP: 3/3
   403 | D:2      | Reached XP level 2. HP: 19/19 MP: 0/5
   407 | D:2      | Learned a level 2 spell: Call Imp
   569 | D:3      | Noticed Ijyb
   654 | D:3      | Killed Ijyb
   682 | D:3      | Noticed ErikD's ghost (amateur HuBe)
   772 | D:2      | Found an iron altar of Okawaru.
   825 | D:2      | Reached XP level 3. HP: 24/24 MP: 4/7
   830 | D:2      | Learned a level 3 spell: Call Canine Familiar
  1215 | D:4      | Noticed a scorpion
  1217 | D:4      | Noticed an ogre
  1590 | D:4      | Reached XP level 4. HP: 30/30 MP: 5/8
  1642 | D:5      | Entered Level 5 of the Dungeon
  1693 | D:6      | Noticed a centaur
  1715 | D:6      | Killed a centaur
  1812 | D:5      | Noticed an ogre
  1829 | D:5      | Killed an ogre
  1829 | D:5      | Reached skill level 5 in Summonings
  1829 | D:5      | Reached XP level 5. HP: 35/35 MP: 4/10
  1844 | D:5      | Found a sacrificial altar of Ru.
  1902 | D:5      | Found a staircase to the Ecumenical Temple.
  1919 | Temple   | Entered the Ecumenical Temple
  1930 | Temple   | Became a worshipper of Sif Muna the Loreminder
  2110 | D:4      | Killed an ogre
  2123 | D:4      | Learned a level 3 spell: Summon Guardian Golem
  2211 | D:4      | Reached XP level 6. HP: 41/41 MP: 2/12
  2368 | D:5      | Reached skill level 1 in Hexes
  2500 | D:6      | Noticed an orc warrior
  2542 | D:6      | Killed an orc warrior
  2699 | D:6      | Learned a level 4 spell: Summon Lightning Spire
  2914 | D:7      | Reached * piety under Sif Muna
  2918 | D:7      | Reached skill level 1 in Air Magic
  2921 | D:7      | Reached XP level 7. HP: 47/47 MP: 5/13
  3064 | D:7      | Found a burning altar of Makhleb.
  3325 | D:7      | Reached skill level 1 in Fighting
  3484 | D:8      | Noticed a hungry ghost
  3948 | D:7      | Reached skill level 5 in Spellcasting
  4497 | D:7      | Reached skill level 6 in Summonings
  4542 | D:7      | Found Ogasaa's Weapon Shoppe.
  4553 | D:7      | Found a faded altar of an unknown god.
  4553 | D:7      | Found a glowing golden altar of the Shining One.
  4558 | D:7      | Found a radiant altar of Vehumet.
  4560 | D:7      | Found a bloodstained altar of Trog.
  4560 | D:7      | Noticed a steam dragon
  4641 | D:7      | Killed a steam dragon
  4641 | D:7      | Reached XP level 8. HP: 42/56 MP: 9/15
  4645 | D:7      | Found a faded altar of an unknown god.
  4938 | D:9      | Learned a level 4 spell: Summon Ice Beast
  5090 | D:9      | Reached ** piety under Sif Muna
  5159 | D:9      | Found a glowing silver altar of Zin.
  5254 | D:10     | Entered Level 10 of the Dungeon
  5270 | D:10     | Found a staircase to the Orcish Mines.
  5312 | Orc:1    | Entered Level 1 of the Orcish Mines
  5428 | Orc:1    | Reached skill level 5 in Air Magic
  5616 | Orc:2    | Entered Level 2 of the Orcish Mines
  5616 | Orc:2    | Noticed an orc high priest
  5948 | D:11     | Noticed Harold
  5948 | D:11     | Noticed a troll
  6031 | D:12     | Noticed a hornet
  6037 | D:12     | Killed a hornet
  6037 | D:12     | Reached skill level 1 in Ice Magic
  6114 | D:12     | Reached XP level 9. HP: 62/62 MP: 8/17
  6224 | D:11     | Reached skill level 7 in Summonings
  6250 | D:11     | Reached *** piety under Sif Muna
  6261 | D:11     | Found Ogreru's Distillery.
  6388 | D:11     | Bought a potion of curing for 39 gold pieces
  6759 | D:8      | Found a stormy altar of Qazlal.
  6793 | D:8      | Found a stormy altar of Qazlal.
  6794 | D:8      | Found a blossoming altar of Fedhas.
  6797 | D:8      | Found an opulent altar of Gozag.
  6797 | D:8      | Found a sparkling altar of Nemelex Xobeh.
  7112 | D:8      | Found a hide-covered altar of Uskayaw.
  7294 | D:8      | Reached skill level 1 in Armour
  7403 | D:8      | Reached skill level 1 in Invocations
  7692 | D:9      | Found Kic Oxkucu's Antique Armour Emporium.
  8292 | D:11     | Reached skill level 8 in Summonings
  8301 | D:11     | Found a staircase to the Lair.
  8344 | Lair:1   | Entered Level 1 of the Lair of Beasts
  8347 | Lair:1   | Noticed a komodo dragon
  8364 | Lair:1   | Killed a komodo dragon
  8534 | Lair:1   | Got an ichor-stained leather armour
  8539 | Lair:1   | Identified the +1 leather armour of Satisfaction {Slay+5} (You found it on level 1 of the Lair of Beasts)
  8588 | Lair:1   | Noticed a komodo dragon
  8603 | Lair:1   | Killed a komodo dragon
  8622 | Lair:1   | Noticed a black mamba
  8630 | Lair:1   | Killed a black mamba
  8630 | Lair:1   | Reached XP level 10. HP: 61/70 MP: 18/19
  8688 | Lair:1   | Reached **** piety under Sif Muna
  8939 | Lair:1   | Gained mutation: You are partially covered in large bone plates. (SH +4) [potion of mutation]
  8939 | Lair:1   | Gained mutation: Your mind is acute. (Int +2) [potion of mutation]
  8942 | Lair:1   | Gained mutation: You are resistant to hostile enchantments. (MR+) [potion of beneficial mutation]
  9238 | Lair:2   | Noticed a spiny frog
  9249 | Lair:2   | Killed a spiny frog
  9288 | Lair:2   | Reached skill level 5 in Dodging
  9318 | Lair:2   | Noticed a spiny frog
  9329 | Lair:2   | Killed a spiny frog
  9587 | Lair:2   | Reached skill level 5 in Hexes
  9817 | Lair:3   | Found a labyrinth entrance.
  9823 | Lab      | Entered a labyrinth
  9893 | Lab      | Found an exit through the horrors of the Abyss.
  9955 | Lab      | Found an exit through the horrors of the Abyss.
 10172 | Lab      | Found an exit through the horrors of the Abyss.
 10186 | Lab      | Found an exit through the horrors of the Abyss.
 10308 | Lab      | Found an exit through the horrors of the Abyss.
 10575 | Lab      | Found an exit through the horrors of the Abyss.
 10834 | Lab      | Found an exit through the horrors of the Abyss.
 10929 | Lab      | Noticed a minotaur
 10950 | Lab      | Killed a minotaur
 10960 | Lab      | Identified Mibros's Handbook of Ensnaring Ice
 10962 | Lab      | Got a pair of faintly glowing boots
 10973 | Lab      | Identified the cursed -6 pair of boots "Qil Leam" {rF+ rC+++ Str-4 Dex+2} (You found it in a labyrinth)
 11022 | Lair:3   | Reached skill level 5 in Ice Magic
 11058 | Lair:3   | Noticed a manticore
 11089 | Lair:3   | Killed a manticore
 11256 | Lair:3   | Found a staircase to the Shoals.
 11261 | Lair:3   | Found a staircase to the Snake Pit.
 11361 | Lair:4   | Noticed a black mamba
 11366 | Lair:4   | Killed a black mamba
 11389 | Lair:4   | Noticed Snorg
 11389 | Lair:4   | Noticed a spiny frog
 11414 | Lair:4   | Killed a spiny frog
 11424 | Lair:4   | Killed Snorg
 11424 | Lair:4   | Reached XP level 11. HP: 78/78 MP: 15/22
 11611 | Lair:5   | Learned a level 3 spell: Gell's Gravitas
 11653 | Lair:5   | Reached skill level 5 in Fighting
 11756 | Lair:5   | Found a staircase to the Slime Pits.
 11756 | Lair:5   | Found a viscous altar of Jiyva.
 11808 | Lair:5   | Noticed a fire crab
 11851 | Lair:5   | Killed a fire crab
 11851 | Lair:5   | Reached skill level 9 in Summonings
 11851 | Lair:5   | Reached skill level 1 in Translocations
 12011 | Lair:6   | Entered Level 6 of the Lair of Beasts
 12138 | Lair:6   | Reached ***** piety under Sif Muna
 12138 | Lair:6   | Identified Sif Muna's Reference Book on the Birds and Arcane Weapons (Sif Muna gifted it to you on level 6 of the Lair of Beasts)
 12138 | Lair:6   | Received a gift from Sif Muna
 12282 | Lair:6   | Found a shattered altar of Ashenzari.
 12541 | Lair:6   | Noticed an anaconda
 12551 | Lair:6   | Killed an anaconda
 12555 | Lair:6   | Noticed a dire elephant
 12612 | Lair:6   | Noticed a dire elephant
 12829 | Lair:6   | Learned a level 4 spell: Force Lance
 12851 | Lair:6   | Noticed a dire elephant
 12864 | Lair:6   | Killed a dire elephant
 12972 | Lair:6   | Noticed a dire elephant
 13211 | Lair:6   | Killed a dire elephant
 13266 | Lair:6   | Killed a dire elephant
 13472 | Lair:6   | Reached skill level 1 in Conjurations
 13545 | Lair:6   | Noticed a dire elephant
 13545 | Lair:6   | Noticed a dire elephant
 13571 | Lair:6   | Killed a dire elephant
 13614 | Lair:6   | Killed a dire elephant
 13753 | Lair:6   | Got a spiked plate armour
 13754 | Lair:6   | Identified the +9 plate armour of Theory {-Tele *Drain rElec rN+++} (You found it on level 6 of the Lair of Beasts)
 13808 | Lair:6   | Identified a scroll of acquirement
 14024 | Snake:1  | Entered Level 1 of the Snake Pit
 14033 | Snake:1  | Noticed a mana viper
 14046 | Snake:1  | Killed a mana viper
 14296 | Snake:1  | Noticed a mana viper
 14303 | Snake:1  | Killed a mana viper
 14534 | Snake:1  | Reached skill level 1 in Evocations
 14547 | Snake:1  | Noticed a naga warrior
 14552 | Snake:1  | Noticed a naga sharpshooter
 14552 | Snake:1  | Noticed a shock serpent
 14574 | Snake:1  | Killed a shock serpent
 14590 | Snake:1  | Killed from afar by a guardian golem

Skill      XL: |  1  2  3  4  5  6  7  8  9 10 11 |
---------------+----------------------------------+-----
Dodging        | 3 4 5 6 |  6.1
Spellcasting   | 3 4 5 6 7 8 |  8.5
Summonings     | 5 6 8 9 |  9.7
Hexes          | 2 3 4 5 7 |  7.1
Air Magic      | 1 3 5 6 |  6.2
Fighting       | 2 3 4 5 |  5.0
Ice Magic      | 2 3 5 6 |  6.2
Armour         | 1 |  1.0
Invocations    | 2 3 4 |  4.2
Translocations | 3 |  3.1
Conjurations   | 2 |  2.1
Evocations     | 1 |  1.0
Stealth        | |  3.0

Action                   |  1- 3 |  4- 6 |  7- 9 | 10-12 || total
-------------------------+-------+-------+-------+-------++-------
Melee: Unarmed           |     6 |       |       |       ||     6
       Quarterstaff      |    12 |       |     8 |       ||    20
       Bite              |     1 |     1 |     5 |     3 ||    10
       Spear             |       |    52 |   115 |       ||   167
       Staff             |       |       |     4 |    18 ||    22
 Cast: Summon Small Mamm |    29 |     1 |       |       ||    30
       Call Imp          |    14 |    16 |    20 |     1 ||    51
       Call Canine Famil |    15 |    22 |    57 |    13 ||   107
       Summon Guardian G |       |     3 |    30 |    49 ||    82
       Summon Lightning  |       |       |    39 |    56 ||    95
       Summon Ice Beast  |       |       |     8 |   118 ||   126
       Gell's Gravitas   |       |       |       |    11 ||    11
       Force Lance       |       |       |       |     2 ||     2
Invok: Divine Energy     |       |       |     3 |     1 ||     4
       Stop Divine Energ |       |       |     3 |       ||     3
       Channel Magic     |       |       |       |     2 ||     2
 Abil: End Transformatio |     1 |       |       |       ||     1
       Bat Form          |     1 |       |       |       ||     1
Evoke: Wand              |       |       |     3 |    14 ||    17
       Disc of storms    |       |       |       |    10 ||    10
       Rod               |       |       |       |     2 ||     2
       Lamp of fire      |       |       |       |     1 ||     1
  Use: Scroll            |     3 |     3 |     8 |    15 ||    29
       Potion            |     3 |     2 |    17 |    32 ||    54
 Stab: Sleeping          |     2 |     1 |     1 |       ||     4
       Distracted        |       |     2 |     1 |     1 ||     4
  Eat: Corpse            |     1 |       |    13 |     7 ||    21
Armor: Robe              |     9 |     7 |    10 |       ||    26
       Steam dragon scal |       |       |    19 |    29 ||    48
Dodge: Dodged            |    24 |    23 |   103 |    65 ||   215
Block: Other             |       |       |       |    18 ||    18
